[Event "Titled Tuesday Blitz July 25 Early 2023"]
[White "Cordova, Emilio"]
[Black "Megaranto, Susanto"]
[WhiteFideId "3801497"]
[BlackFideId "7101384"]
[WhiteElo "2845"]
[BlackElo "2941"]
[Result "0-1"]
[Round "6"]
[TimeControl "180+2"]
[Date "2023.07.25"]
[WhiteClock "0:00:09"]
[BlackClock "0:00:16"]
[Board "8"]

1. Nf3 Nf6 2. e3 d5 3. c4 c6 4. Nc3 a6 5. b3 Bf5 6. Bb2 e6 7. Be2 h6 8. O-O Nbd7 9. Re1 Bd6 10. Bf1 O-O 11. Ne2 Qe7 12. Ng3 Bh7 13. a3 a5 14. cxd5 exd5 15. Nd4 Qd8 16. f4 Re8 17. d3 Nc5 18. Rc1 Bf8 19. Ndf5 Ncd7 20. h3 Qb6 21. Kh1 c5 22. e4 d4 23. a4 Rac8 24. Ba3 Nb8 25. Be2 Na6 26. Bf3 Nb4 27. Rc4 Na2 28. Qc2 Nc3 29. Bb2 Nfd5 30. Bxc3 Nxc3 31. e5 g6 32. Ne3 h5 33. Rxc3 dxe3 34. Rc4 Rcd8 35. Rxe3 Bh6 36. h4 Qe6 37. Ne4 b6 38. Nf6+ Kh8 39. Nxe8 Rxe8 40. Qf2 f5 41. g3 Bg8 42. Kg2 Qd7 43. Rc3 Be6 44. Qd2 Rd8 45. Kh2 Qd4 46. Re1 Qb4 47. Rec1 Rd4 48. Qg2 Kh7 49. Ba8 Bxf4 50. gxf4 Rxf4 51. Bf3 Qd4 52. Qg3 Rxh4+ 53. Kg2 Kh6 54. R3c2 g5 55. Qf2 Qf4 56. d4 Rh2+ 57. Kg1 Rxf2 58. Kh1 Qxf3+ 0-1


[Site "https://www.chess.com"]

[Event "Titled Tuesday Blitz July 25 Early 2023"]
[White "Kazakouski, Valery"]
[Black "So, Wesley"]
[WhiteFideId "13507443"]
[BlackFideId "5202213"]
[WhiteElo "2867"]
[BlackElo "3093"]
[Result "0-1"]
[Round "6"]
[TimeControl "180+2"]
[Date "2023.07.25"]
[WhiteClock "0:00:01"]
[BlackClock "0:00:54"]
[Board "9"]

1. Nf3 c5 2. c4 Nc6 3. b3 e6 4. g3 d5 5. e3 Nf6 6. Bg2 d4 7. exd4 cxd4 8. O-O Bd6 9. d3 h6 10. Ba3 O-O 11. Re1 Re8 12. Bxd6 Qxd6 13. a3 a5 14. Nbd2 e5 15. Qc2 Bf5 16. h3 Bh7 17. c5 Qc7 18. Nc4 Re7 19. Nb6 Rae8 20. Nd2 Re6 21. Rab1 Nb8 22. Nd5 Nxd5 23. Bxd5 R6e7 24. b4 axb4 25. axb4 Nd7 26. Nc4 Nf6 27. Bg2 e4 28. Qb2 e3 29. Qxd4 exf2+ 30. Qxf2 Bxd3 31. Rxe7 Rxe7 32. Rc1 Ne4 33. Bxe4 Rxe4 34. Nd6 Rxb4 35. Re1 Bg6 36. g4 Kh7 37. Nf5 Rc4 38. Nh4 Rxc5 39. Nxg6 fxg6 40. Kg2 b5 41. Re2 b4 42. Rb2 b3 43. Kg1 Rc1+ 44. Kg2 Rc2 0-1


[Site "https://www.chess.com"]

[Event "Titled Tuesday Blitz July 25 Early 2023"]
[White "Sarana, Alexey"]
[Black "Kantor, Gergely"]
[WhiteFideId "24133795"]
[BlackFideId "751499"]
[WhiteElo "3052"]
[BlackElo "2794"]
[Result "1-0"]
[Round "6"]
[TimeControl "180+2"]
[Date "2023.07.25"]
[WhiteClock "0:00:08"]
[BlackClock "0:00:00"]
[Board "10"]

1. d4 Nf6 2. c4 a6 3. Nc3 b5 4. Nf3 b4 5. Nd5 e6 6. Nxf6+ Qxf6 7. e4 Bb7 8. Bd3 h6 9. O-O Nc6 10. e5 Qd8 11. d5 Ne7 12. Be4 exd5 13. cxd5 d6 14. e6 fxe6 15. Nd4 Bxd5 16. Bxd5 exd5 17. Re1 Qd7 18. Qh5+ Kd8 19. Bf4 Kc8 20. Rac1 c5 21. Ne6 g6 22. Qf3 Ra7 23. Nxc5 dxc5 24. Rxc5+ Kd8 25. Be5 Rg8 26. Bf6 Ke8 27. Rxd5 Qc8 28. Rde5 Rd7 29. h4 Qd8 30. b3 Rg7 31. Bxg7 Bxg7 32. Re6 Bf8 33. Qf6 Rd1 34. Qxg6+ 1-0


[Site "https://www.chess.com"]

[Event "Titled Tuesday Blitz July 25 Early 2023"]
[White "Giri, Anish"]
[Black "Fiorito, Joaquin"]
[WhiteFideId "24116068"]
[BlackFideId "180173"]
[WhiteElo "3046"]
[BlackElo "2793"]
[Result "1-0"]
[Round "6"]
[TimeControl "180+2"]
[Date "2023.07.25"]
[WhiteClock "0:01:06"]
[BlackClock "0:01:47"]
[Board "11"]

1. e4 c6 2. Nf3 d5 3. d3 g6 4. Nbd2 Bg7 5. Be2 e5 6. O-O Ne7 7. b4 O-O 8. Bb2 Nd7 9. a4 Re8 10. a5 a6 11. Re1 h6 12. Bf1 d4 13. c3 c5 14. bxc5 Nxc5 15. cxd4 exd4 16. Nc4 Be6 17. Nfd2 Nc6 18. Ba3 Na4 19. Qxa4 1-0


[Site "https://www.chess.com"]

[Event "Titled Tuesday Blitz July 25 Early 2023"]
[White "Pranav, V"]
[Black "Tsaruk, Maksim"]
[WhiteFideId "25060783"]
[BlackFideId "13511173"]
[WhiteElo "3003"]
[BlackElo "2791"]
[Result "1-0"]
[Round "6"]
[TimeControl "180+2"]
[Date "2023.07.25"]
[WhiteClock "0:00:32"]
[BlackClock "0:00:01"]
[Board "12"]

1. e4 e5 2. Nf3 Nc6 3. Bb5 a6 4. Ba4 Nf6 5. O-O Be7 6. d3 b5 7. Bb3 O-O 8. Nc3 d6 9. a3 Be6 10. Bxe6 fxe6 11. b4 Qd7 12. Rb1 Rfb8 13. Re1 a5 14. Bd2 Nd4 15. Nxd4 exd4 16. Ne2 e5 17. c3 axb4 18. axb4 c5 19. cxd4 cxd4 20. f4 Ra3 21. Bc1 Ra6 22. Ng3 Qe6 23. Rf1 Kh8 24. Nf5 Bf8 25. fxe5 dxe5 26. Bg5 Rc8 27. Rb2 Ng8 28. h3 Qg6 29. Bh4 Rac6 30. Kh2 Rc3 31. Qf3 Nf6 32. Bg3 Ng8 33. Bxe5 Rc2 34. Rxc2 Rxc2 35. Nxd4 Rc8 36. Qf5 Qxf5 37. Rxf5 Bxb4 38. Rf7 Nf6 39. Nxb5 Kg8 40. Rb7 Re8 41. Nd6 Bd2 42. Nxe8 1-0


[Site "https://www.chess.com"]

[Event "Titled Tuesday Blitz July 25 Early 2023"]
[White "Duda, Jan-Krzysztof"]
[Black "Lobanov, Sergei"]
[WhiteFideId "1170546"]
[BlackFideId "24183750"]
[WhiteElo "2998"]
[BlackElo "2786"]
[Result "1-0"]
[Round "6"]
[TimeControl "180+2"]
[Date "2023.07.25"]
[WhiteClock "0:00:43"]
[BlackClock "0:00:05"]
[Board "13"]

1. e4 e5 2. Nf3 Nc6 3. Nc3 Nf6 4. Bb5 Bc5 5. Bxc6 dxc6 6. h3 Be6 7. d3 Nd7 8. Ng5 Qe7 9. Nxe6 Qxe6 10. Qg4 Qg6 11. Ne2 Nf8 12. Ng3 Ne6 13. Nf5 O-O-O 14. Be3 Bd6 15. a4 Kb8 16. O-O Qf6 17. Rab1 h5 18. Qd1 Bf8 19. Qe1 g6 20. Ng3 Bc5 21. b4 Bxe3 22. fxe3 Qe7 23. Qc3 h4 24. Ne2 Rh5 25. Rf3 Ng5 26. Rf2 Rhh8 27. b5 c5 28. Rbf1 Rd7 29. Nc1 Rf8 30. Nb3 b6 31. Nd2 f6 32. Nc4 Rdd8 33. a5 Qe6 34. Nxe5 1-0


[Site "https://www.chess.com"]

[Event "Titled Tuesday Blitz July 25 Early 2023"]
[White "Priasmoro, Novendra"]
[Black "Kevlishvili, Robby"]
[WhiteFideId "7105029"]
[BlackFideId "1040634"]
[WhiteElo "2776"]
[BlackElo "2997"]
[Result "0-1"]
[Round "6"]
[TimeControl "180+2"]
[Date "2023.07.25"]
[WhiteClock "0:00:01"]
[BlackClock "0:00:42"]
[Board "14"]

1. e4 c5 2. Nf3 d6 3. d4 cxd4 4. Nxd4 Nf6 5. Nc3 Bd7 6. Bg5 Nc6 7. Qd2 Rc8 8. O-O-O Nxd4 9. Qxd4 Qa5 10. Bxf6 gxf6 11. f4 Qc5 12. Kb1 Qxd4 13. Rxd4 f5 14. exf5 Bg7 15. Rb4 Bxc3 16. bxc3 b6 17. f6 Rxc3 18. fxe7 Bf5 19. Rc4 Bxc2+ 20. Kb2 Rxc4 21. Bxc4 Be4 22. Re1 d5 23. Bb3 f5 24. g3 Kf7 25. Kc3 Re8 26. Kd4 Kxe7 27. g4 Rc8 28. Bxd5 Rd8 29. gxf5 Rxd5+ 30. Kxe4 Ra5 31. Re2 Kf6 32. Rd2 Ra4+ 33. Kf3 Kxf5 34. Rd5+ Ke6 35. Rd2 h5 36. Re2+ Kf5 37. Re5+ Kf6 38. Re2 Ra3+ 39. Ke4 h4 40. Rc2 Ra4+ 41. Ke3 Kf5 42. Rd2 Ra3+ 43. Kd4 Kxf4 44. Rf2+ Kg4 45. Kc4 Rf3 46. Rg2+ Kh3 47. Re2 Rf1 48. Kb5 Rh1 49. a4 Rxh2 50. Re8 Rb2+ 51. Ka6 Rb4 52. Re3+ Kg4 53. Ra3 h3 54. Kxa7 h2 55. Ra1 Rb2 56. Kb7 Kg3 57. Kc6 Kg2 58. a5 bxa5 0-1


[Site "https://www.chess.com"]

[Event "Titled Tuesday Blitz July 25 Early 2023"]
[White "Xiong, Jeffery"]
[Black "Schnaider, Ilan"]
[WhiteFideId "2047640"]
[BlackFideId "169013"]
[WhiteElo "2994"]
[BlackElo "2768"]
[Result "1-0"]
[Round "6"]
[TimeControl "180+2"]
[Date "2023.07.25"]
[WhiteClock "0:00:09"]
[BlackClock "0:00:00"]
[Board "15"]

1. e4 e5 2. Nf3 Nc6 3. d4 exd4 4. Nxd4 Nf6 5. Nxc6 bxc6 6. Bd3 d5 7. exd5 cxd5 8. O-O Be7 9. c4 O-O 10. Nc3 Bb7 11. Qf3 d4 12. Qxb7 dxc3 13. Qf3 cxb2 14. Bxb2 Rb8 15. Rab1 Qd6 16. Rfd1 Qa6 17. Qf5 g6 18. Qf3 Nd7 19. h3 Qxa2 20. Bc3 Rxb1 21. Bxb1 Qb3 22. Bxg6 hxg6 23. Rxd7 Bb4 24. Bxb4 Qb1+ 25. Qd1 Qxb4 26. Rxc7 Re8 27. Qd7 Rf8 28. Kh2 Qe1 29. Qd4 a5 30. Ra7 Qb4 31. Ra6 a4 32. Qd5 Kg7 33. c5 a3 34. Qe5+ Kg8 35. c6 Rc8 36. Ra7 Qb2 37. Qf4 Rf8 38. c7 a2 39. c8=Q Qg7 40. Qxf8+ Qxf8 41. Rxa2 Qe8 42. Rb2 Qe6 43. Rb8+ 1-0


[Site "https://www.chess.com"]

[Event "Titled Tuesday Blitz July 25 Early 2023"]
[White "Rozman, Levy"]
[Black "Matlakov, Maxim"]
[WhiteFideId "2039877"]
[BlackFideId "4168003"]
[WhiteElo "2762"]
[BlackElo "2986"]
[Result "1-0"]
[Round "6"]
[TimeControl "180+2"]
[Date "2023.07.25"]
[WhiteClock "0:00:02"]
[BlackClock "0:00:00"]
[Board "16"]

1. e4 c5 2. Nc3 e6 3. d4 cxd4 4. Qxd4 Nc6 5. Qd3 a6 6. Bf4 b5 7. O-O-O Nf6 8. e5 Nh5 9. Bg3 Qa5 10. Kb1 b4 11. Ne4 Nxg3 12. hxg3 Nxe5 13. Nd6+ Bxd6 14. Qxd6 Nc6 15. Nf3 Qd8 16. Bc4 Qe7 17. Qc7 O-O 18. Bd3 h6 19. g4 f6 20. Nh4 Ne5 21. Be4 Bb7 22. Bxb7 Rab8 23. Be4 Rfc8 24. Qd6 Qxd6 25. Rxd6 Nxg4 26. Rxd7 Nxf2 27. Re1 Rc4 28. Bg6 Rxh4 29. a3 bxa3 30. b3 e5 31. Re2 1-0


[Site "https://www.chess.com"]

[Event "Titled Tuesday Blitz July 25 Early 2023"]
[White "Dvirnyy, Danyyil"]
[Black "Movahed, Sina"]
[WhiteFideId "817570"]
[BlackFideId "42520835"]
[WhiteElo "2757"]
[BlackElo "2974"]
[Result "1-0"]
[Round "6"]
[TimeControl "180+2"]
[Date "2023.07.25"]
[WhiteClock "0:00:16"]
[BlackClock "0:00:02"]
[Board "17"]

1. Nf3 Nf6 2. g3 g6 3. Bg2 Bg7 4. O-O c5 5. c4 Nc6 6. d4 cxd4 7. Nxd4 h5 8. Nc3 h4 9. Bg5 hxg3 10. hxg3 Qa5 11. Nf3 d6 12. Rc1 Bg4 13. Nd5 Ne4 14. Be3 e6 15. b4 Qd8 16. Qa4 Kf8 17. b5 Ne7 18. Nxe7 Qxe7 19. c5 d5 20. c6 bxc6 21. bxc6 Kg8 22. c7 Kh7 23. Qxe4 dxe4 24. Ng5+ Qxg5 25. Bxg5 Bxe2 26. Bxe4 Rac8 27. Bb7 Bxf1 28. Kxf1 Be5 29. Bxc8 Rxc8 30. Bd8 Kg7 31. f4 Bd6 32. Rc6 Bb4 33. Ke2 Kf8 34. Kd3 Ke8 35. Kc4 Ba5 36. Kb5 Bb6 37. Rc3 Kd7 38. Rd3+ Ke8 39. Kc6 Rxd8 40. Rxd8+ 1-0


[Site "https://www.chess.com"]

[Event "Titled Tuesday Blitz July 25 Early 2023"]
[White "Zubritskiy, Artyom"]
[Black "Indjic, Aleksandar"]
[WhiteFideId "4181247"]
[BlackFideId "911925"]
[WhiteElo "2755"]
[BlackElo "2964"]
[Result "1-0"]
[Round "6"]
[TimeControl "180+2"]
[Date "2023.07.25"]
[WhiteClock "0:00:04"]
[BlackClock "0:00:16"]
[Board "18"]

1. d4 Nf6 2. c4 c5 3. dxc5 e6 4. Nf3 Bxc5 5. e3 O-O 6. a3 d5 7. Qc2 Qe7 8. Nc3 Rd8 9. Bd3 a6 10. O-O Ba7 11. b3 dxc4 12. Bxc4 b5 13. Bd3 Bb7 14. Bb2 Nbd7 15. Rfd1 Rac8 16. Rac1 h6 17. Qe2 Bc5 18. b4 Bd6 19. Bb1 Nb6 20. e4 Nc4 21. e5 Bxf3 22. exd6 Bxe2 23. dxe7 Rxd1+ 24. Nxd1 Re8 25. Bxf6 gxf6 26. Nc3 Bh5 27. a4 Nd6 28. axb5 axb5 29. Bd3 Rxe7 30. Nxb5 Nxb5 31. Bxb5 Rb7 32. Rc5 f5 33. f3 Kg7 34. Kf2 Kf6 35. Ke3 Kg5 36. Kd4 f6 37. Kc3 Kf4 38. Bc6 Rb8 39. b5 e5 40. Kb4 Be8 41. Bxe8 Rxe8 42. b6 Rb8 43. Kb5 e4 44. fxe4 fxe4 45. Ka6 Ke3 46. b7 Kf2 47. Rc8 Rxb7 48. Kxb7 Kxg2 49. Re8 f5 50. Kc6 f4 51. Kd5 f3 52. Kxe4 f2 53. Rf8 f1=Q 54. Rxf1 Kxf1 55. Kf5 Kg2 56. h4 1-0


[Site "https://www.chess.com"]

[Event "Titled Tuesday Blitz July 25 Early 2023"]
[White "Csonka, Balazs"]
[Black "Kamsky, Gata"]
[WhiteFideId "742910"]
[BlackFideId "2000024"]
[WhiteElo "2752"]
[BlackElo "2964"]
[Result "1-0"]
[Round "6"]
[TimeControl "180+2"]
[Date "2023.07.25"]
[WhiteClock "0:00:10"]
[BlackClock "0:00:34"]
[Board "19"]

1. d4 Nf6 2. c4 g6 3. Nc3 Bg7 4. e4 d6 5. Be2 e5 6. dxe5 dxe5 7. Qxd8+ Kxd8 8. Nf3 Nfd7 9. Be3 f6 10. O-O-O c6 11. h4 h5 12. c5 Ke7 13. Nd2 Nf8 14. Nc4 Ne6 15. Nd6 Nd7 16. b4 a5 17. a3 Bh6 18. Bxh6 Rxh6 19. Bc4 Nd4 20. Ne2 Nxe2+ 21. Bxe2 axb4 22. axb4 b6 23. Nxc8+ Rxc8 24. cxb6 Nxb6 25. Rh3 Rhh8 26. Rhd3 c5 27. bxc5 Rxc5+ 28. Kd2 Rd8 29. Rxd8 Kxd8 30. Ke1+ Ke7 31. f3 Nd7 32. Kf2 Nf8 33. Ra1 Rc7 34. Bd1 Ne6 35. Bb3 Nd4 36. Bd5 Rc2+ 37. Kf1 g5 38. Ra7+ Kd6 39. Ra6+ Kc5 40. Rxf6 gxh4 41. Rh6 Ne2 42. Rc6+ 1-0


[Site "https://www.chess.com"]

[Event "Titled Tuesday Blitz July 25 Early 2023"]
[White "Terry, Renato"]
[Black "djokovic74"]
[WhiteFideId "3803457"]
[WhiteElo "2953"]
[BlackElo "2752"]
[Result "1-0"]
[Round "6"]
[TimeControl "180+2"]
[Date "2023.07.25"]
[WhiteClock "0:00:07"]
[BlackClock "0:00:00"]
[Board "20"]

1. d4 e6 2. Nf3 Nf6 3. c4 Bb4+ 4. Bd2 Qe7 5. Nc3 Nc6 6. Qc2 d5 7. e3 O-O 8. a3 Bxc3 9. Bxc3 b6 10. cxd5 exd5 11. Bd2 Bb7 12. Bb5 Qd6 13. Rc1 Nd8 14. Bb4 c5 15. dxc5 Qe6 16. c6 Bc8 17. Bxf8 Kxf8 18. c7 Nb7 19. Qc6 Qd6 20. Nd4 a6 21. Bd3 Ke7 22. O-O g6 23. Rfe1 Nd7 24. e4 dxe4 25. Rxe4+ Kf8 26. Qxd6+ Nxd6 27. Ree1 Nc5 28. Bb1 Bb7 29. b4 Nd7 30. Nc6 Nf6 31. Nd8 Bc8 32. Rc6 Nfe8 33. Rxb6 Ra7 34. Rc6 Bd7 35. Rxe8+ Kxe8 36. Rc5 Bc8 37. a4 Kd7 38. Nc6 Rxc7 39. Ne5+ Kd8 40. Bd3 f6 41. Nc6+ Kd7 42. Nd4 Bb7 43. Rxc7+ Kxc7 44. f3 Kb6 45. a5+ Kc7 46. Kf2 Kd7 47. Ke3 Nf7 48. g3 Ne5 49. Be2 Kd6 50. f4 Nd7 51. Bc4 h6 52. Bd3 Nf8 53. Nb3 Ne6 54. Bxg6 Bd5 55. Nd4 Nc7 56. Nf5+ Kc6 57. Nd4+ Kd6 58. Bd3 h5 59. Be2 Bf7 60. Nf5+ Ke6 61. Ng7+ Kd6 62. Kd4 h4 63. gxh4 Ke7 64. Nf5+ Ke6 65. Ng7+ Kd6 66. h5 Ke7 67. h6 Bg6 68. Bc4 Kf8 69. Kc5 Be4 70. Ne6+ Nxe6+ 71. Bxe6 Ke7 72. Bc4 Kf8 73. Bxa6 Kg8 74. b5 Kh7 75. b6 Kxh6 76. b7 1-0


[Site "https://www.chess.com"]

[Event "Titled Tuesday Blitz July 25 Early 2023"]
[White "Schmakel, Sam"]
[Black "ChessBrah"]
[WhiteFideId "2039311"]
[WhiteElo "2747"]
[BlackElo "2930"]
[Result "0-1"]
[Round "6"]
[TimeControl "180+2"]
[Date "2023.07.25"]
[WhiteClock "0:00:14"]
[BlackClock "0:01:28"]
[Board "21"]

1. Nf3 d5 2. e3 c6 3. c4 Nf6 4. b3 Bg4 5. Bb2 e6 6. h3 Bxf3 7. Qxf3 Nbd7 8. Qd1 Bd6 9. Be2 O-O 10. O-O Qe7 11. d4 Ne4 12. Nd2 f5 13. Nf3 Rad8 14. Qc2 a6 15. c5 Bc7 16. b4 g5 17. Ne5 Nxe5 18. dxe5 Qg7 19. f4 gxf4 20. exf4 Kh8 21. Bf3 Qg3 22. Rae1 Rg8 23. Kh1 Rd7 24. Bd4 Bd8 25. Be3 Bh4 26. Rd1 Rdg7 27. Bg1 Qxf4 28. Bxe4 Qxe4 29. Qxe4 fxe4 30. g4 h5 31. gxh5 Rg3 32. Kh2 e3 0-1


[Site "https://www.chess.com"]

[Event "Titled Tuesday Blitz July 25 Early 2023"]
[White "Aravindh, Chithambaram VR."]
[Black "Matinian, Nikita"]
[WhiteFideId "5072786"]
[BlackFideId "24129100"]
[WhiteElo "2930"]
[BlackElo "2745"]
[Result "0-1"]
[Round "6"]
[TimeControl "180+2"]
[Date "2023.07.25"]
[WhiteClock "0:00:00"]
[BlackClock "0:00:28"]
[Board "22"]

1. b3 Nf6 2. Bb2 g6 3. Bxf6 exf6 4. c4 d5 5. cxd5 Qxd5 6. Nc3 Qa5 7. Nf3 Bg7 8. g3 O-O 9. Bg2 c5 10. O-O Nc6 11. Rc1 Rd8 12. Na4 b6 13. d3 Bb7 14. Nd2 Qa6 15. Ne4 Na5 16. a3 f5 17. Nexc5 bxc5 18. Nxc5 Qb6 19. Nxb7 Nxb7 20. Rc6 Qa5 21. b4 Qe5 22. Qc2 Nd6 23. Rc5 Qe6 24. Bxa8 Rxa8 25. Rc1 h5 26. h4 f4 27. Rc6 fxg3 28. Qc5 Qh3 29. fxg3 Qxg3+ 30. Kf1 Nf5 31. e4 Bd4 32. Rxg6+ Qxg6 33. Qxf5 Qg1+ 34. Ke2 Qxc1 35. Qg5+ Qxg5 36. hxg5 Rc8 0-1


[Site "https://www.chess.com"]

[Event "Titled Tuesday Blitz July 25 Early 2023"]
[White "Tari, Aryan"]
[Black "Klekowski, Maciej"]
[WhiteFideId "1510045"]
[BlackFideId "1132717"]
[WhiteElo "2915"]
[BlackElo "2743"]
[Result "1-0"]
[Round "6"]
[TimeControl "180+2"]
[Date "2023.07.25"]
[WhiteClock "0:00:17"]
[BlackClock "0:00:00"]
[Board "23"]

1. e4 c5 2. Nf3 e6 3. c3 Nf6 4. e5 Nd5 5. d4 cxd4 6. cxd4 Nc6 7. Bc4 d6 8. O-O Be7 9. Qe2 O-O 10. Rd1 Na5 11. Bd3 Nb4 12. Nc3 Nxd3 13. Rxd3 b6 14. Qe4 Ba6 15. Rd1 d5 16. Qg4 Re8 17. h4 Qd7 18. h5 Bf8 19. h6 g6 20. Qh4 Rac8 21. Nh2 Be7 22. Bg5 Bxg5 23. Qxg5 Qe7 24. Qf4 Rc7 25. Ng4 Rec8 26. Nf6+ Kh8 27. Ncxd5 exd5 28. Nxd5 Qd8 29. Nxc7 Rxc7 30. d5 Rc4 31. Qxf7 Rc7 32. Qf3 Kg8 33. e6 Qd6 34. Rac1 Re7 35. b3 Bb7 36. Qf6 Ba6 37. Rc3 Nb7 38. Rf3 Rc7 39. Re3 Re7 40. b4 Nd8 41. Rc1 Bb7 42. Rf3 Re8 43. Rg3 Re7 44. Rg5 1-0


[Site "https://www.chess.com"]

[Event "Titled Tuesday Blitz July 25 Early 2023"]
[White "Gholami Orimi, Mahdi"]
[Black "Panesar Vedant"]
[WhiteFideId "12558486"]
[BlackFideId "35033018"]
[WhiteElo "2905"]
[BlackElo "2720"]
[Result "1-0"]
[Round "6"]
[TimeControl "180+2"]
[Date "2023.07.25"]
[WhiteClock "0:01:48"]
[BlackClock "0:02:00"]
[Board "24"]

1. d4 Nf6 2. Nf3 d5 3. Bf4 c5 4. e3 Nc6 5. Nbd2 Qb6 6. dxc5 Qxb2 7. Rb1 Qc3 8. Bb5 g6 9. O-O Bg7 10. Nb3 O-O 11. Bxc6 bxc6 12. Be5 Qc4 13. Qd4 Qxd4 14. Nbxd4 a5 15. Nxc6 Ba6 16. Nxe7+ Kh8 17. Rfd1 Rfe8 18. Nxd5 Nxd5 19. Bxg7+ Kxg7 20. Rxd5 Bc4 21. Rd6 Bxa2 22. Ra1 Be6 23. Nd4 a4 24. Ra3 Bc4 25. f3 Rec8 26. c6 Ra6 27. e4 Kf8 28. Kf2 Ke7 29. Rd7+ Ke8 30. Rb7 1-0


[Site "https://www.chess.com"]

[Event "Titled Tuesday Blitz July 25 Early 2023"]
[White "Bernadskiy, Vitaliy"]
[Black "Koellner, Ruben Gideon"]
[WhiteFideId "14100371"]
[BlackFideId "12993093"]
[WhiteElo "2886"]
[BlackElo "2720"]
[Result "1-0"]
[Round "6"]
[TimeControl "180+2"]
[Date "2023.07.25"]
[WhiteClock "0:00:37"]
[BlackClock "0:00:19"]
[Board "25"]

1. d4 d6 2. e4 Nf6 3. f3 e5 4. dxe5 dxe5 5. Qxd8+ Kxd8 6. Bc4 Ke8 7. Be3 Nbd7 8. Nd2 Bc5 9. Kf2 Ke7 10. Ne2 Bxe3+ 11. Kxe3 Nc5 12. a4 a5 13. Nc1 Be6 14. Nd3 Nxd3 15. cxd3 Rhd8 16. Rhc1 c6 17. Bxe6 Kxe6 18. Nb3 Nd7 19. d4 f6 20. Rc3 Ke7 21. Rd1 exd4+ 22. Rxd4 Ne5 23. Rxd8 Kxd8 24. Nc5 Kc8 25. Ne6 Kd7 26. Nc5+ Kc7 27. f4 Nd7 28. Ne6+ Kb6 29. Rb3+ Ka7 30. Rd3 Nb6 31. Nxg7 Rg8 32. Nh5 Rxg2 33. Nxf6 Nc4+ 34. Kf3 Rxh2 35. e5 Nd2+ 36. Rxd2 Rxd2 37. e6 Rd3+ 38. Ke4 Rd1 39. Ke5 Re1+ 40. Ne4 Rg1 41. f5 Kb6 42. e7 Rg8 43. f6 1-0


[Site "https://www.chess.com"]

[Event "Titled Tuesday Blitz July 25 Early 2023"]
[White "Cherniaiev, Tykhon"]
[Black "Harsha Bharathakoti"]
[WhiteFideId "14182360"]
[BlackFideId "5078776"]
[WhiteElo "2717"]
[BlackElo "2875"]
[Result "1-0"]
[Round "6"]
[TimeControl "180+2"]
[Date "2023.07.25"]
[WhiteClock "0:00:24"]
[BlackClock "0:00:00"]
[Board "26"]

1. Nf3 c5 2. c4 Nc6 3. Nc3 e5 4. g3 g6 5. Bg2 Bg7 6. O-O Nge7 7. e3 d6 8. d3 O-O 9. a3 h6 10. Rb1 a5 11. Bd2 Be6 12. Qb3 Qd7 13. Nd5 a4 14. Qa2 Ra6 15. Ne1 Rb8 16. b3 axb3 17. Qxb3 Nd8 18. Nb6 Qc7 19. a4 Ndc6 20. Nd5 Qd8 21. Nc2 h5 22. Na3 h4 23. Nb5 Rc8 24. f4 hxg3 25. hxg3 Nf5 26. g4 Nh4 27. Bh3 exf4 28. Nxf4 Ne5 29. Nxe6 fxe6 30. Kh1 Nhf3 31. Qd1 Nxd2 32. Qxd2 Qh4 33. Kg2 Nxg4 34. Qe2 Rxa4 35. Qxg4 Ra2+ 36. Kh1 Qxg4 37. Bxg4 Re8 38. Nxd6 Re7 39. Rxb7 Rxb7 40. Nxb7 Be5 41. Nxc5 1-0


[Site "https://www.chess.com"]

[Event "Titled Tuesday Blitz July 25 Early 2023"]
[White "Leon Oquendo, Jorge"]
[Black "Becerra Rivero, Julio"]
[WhiteFideId "3514803"]
[BlackFideId "3501728"]
[WhiteElo "2716"]
[BlackElo "2875"]
[Result "1/2-1/2"]
[Round "6"]
[TimeControl "180+2"]
[Date "2023.07.25"]
[WhiteClock "0:00:02"]
[BlackClock "0:00:10"]
[Board "27"]

1. d4 Nf6 2. c4 e6 3. Nc3 d5 4. e3 Be7 5. Nf3 O-O 6. Bd3 dxc4 7. Bxc4 a6 8. O-O b5 9. Bd3 Bb7 10. Qe2 Nbd7 11. Rd1 c5 12. dxc5 Bxc5 13. a3 Rc8 14. b4 Bd6 15. Bb2 Qc7 16. h3 Qb8 17. Rac1 Ne5 18. Nxe5 Bxe5 19. Nb1 Rxc1 20. Rxc1 Rd8 21. Rd1 Rc8 22. Rc1 Rxc1+ 23. Bxc1 Qd8 24. Nd2 Qc7 25. Qd1 g6 26. Nf3 Bxf3 27. gxf3 Nd5 28. Qc2 Qxc2 29. Bxc2 Nb6 30. Kf1 Kf8 31. Ke2 Ke7 32. f4 Bf6 33. Kd3 Bh4 34. f3 Kd6 35. Bb3 Bf6 36. e4 Bg7 37. Be3 Kc6 38. Bc1 Bh6 39. h4 Nc8 40. a4 Ne7 41. axb5+ axb5 42. Be3 Kd7 43. Kd4 Nc6+ 44. Kc5 Bf8+ 45. Kxb5 Nxb4 46. f5 Nd3 47. fxe6+ fxe6 48. Kc4 Ne5+ 49. Kc3 Nxf3 50. Ba4+ Ke7 51. h5 gxh5 52. Kd3 Ne5+ 53. Ke2 Ng6 54. Kf3 Kf7 55. Bb3 Bd6 56. Bf2 Be5 57. Be3 Kf6 58. Bd1 h4 59. Kg4 Bg3 60. Bd4+ Ne5+ 61. Kh3 Kg5 62. Be3+ Bf4 63. Bf2 Ng6 64. Bg4 e5 65. Bf5 Bg3 66. Bxg3 hxg3 67. Kxg3 h5 68. Kf3 Nf4 69. Bc8 h4 70. Bd7 Kf6 71. Bc8 Ke7 72. Kg4 h3 73. Kg3 Kd6 74. Bxh3 Kc5 75. Bf5 Kd4 76. Kg4 Nd3 77. Kg5 Nc5 78. Kg4 Nxe4 79. Bg6 Nd6 80. Kg3 Nc4 81. Kf2 Nb6 82. Ke1 Nd5 83. Bh7 Nf6 84. Bg6 Ke3 85. Bf5 Kf4 86. Bg6 Ng4 87. Bb1 Ne3 88. Bd3 Ng2+ 89. Kf2 Nh4 90. Bb1 Nf3 91. Bc2 Nd4 92. Bb1 Nb5 93. Ke1 Ke3 94. Bc2 Nc3 95. Bh7 Ne4 96. Bg6 Ng5 97. Bb1 Nf3+ 98. Kd1 Kf2 99. Kc1 Ke2 100. Be4 Nd4 101. Bh7 Ke3 102. Bg6 Ne6 103. Bb1 Nf4 104. Bh7 Nh5 105. Bf5 Ng3 106. Bg6 Ne2+ 107. Kb2 Nf4 108. Bh7 Nd5 109. Bg6 Ne7 110. Bh7 Kf4 111. Bc2 Nf5 112. Bb1 Ne3 113. Bd3 Nd5 114. Kb3 Ke3 115. Bh7 Ne7 116. Kc4 Kf4 117. Bb1 Nf5 118. Kd5 Ne3+ 119. Ke6 Nc4 120. Bh7 Nd2 121. Bc2 Nf3 122. Bb1 Ne1 123. Bh7 Nf3 124. Kd6 Nd4 125. Bg6 Nf5+ 126. Kd5 e4 127. Kc4 e3 128. Kc3 Ng3 129. Bd3 Kf3 130. Ba6 Kf2 131. Kc2 Ne2 132. Kb2 Ke1 133. Kb1 Kd2 134. Kb2 Nf4 135. Bf1 Ke1 136. Bc4 Kd2 137. Bf1 Nh5 138. Bc4 Ng3 139. Kb3 Ne2 140. Kb2 Nf4 141. Bf1 1/2-1/2


[Site "https://www.chess.com"]

[Event "Titled Tuesday Blitz July 25 Early 2023"]
[White "Bacrot, Etienne"]
[Black "Rendle, Thomas E"]
[WhiteFideId "605506"]
[BlackFideId "408760"]
[WhiteElo "2869"]
[BlackElo "2691"]
[Result "1-0"]
[Round "6"]
[TimeControl "180+2"]
[Date "2023.07.25"]
[WhiteClock "0:00:14"]
[BlackClock "0:00:00"]
[Board "28"]

1. e4 e6 2. Nf3 d5 3. exd5 exd5 4. d4 Nf6 5. Bd3 c5 6. c3 c4 7. Bc2 Bd6 8. O-O O-O 9. h3 Nc6 10. Bg5 h6 11. Bh4 Re8 12. Nbd2 b5 13. Re1 g5 14. Bg3 Rxe1+ 15. Qxe1 Bxg3 16. fxg3 g4 17. Ne5 Nxe5 18. dxe5 Nh5 19. Qe3 Qg5 20. Qxg5+ hxg5 21. hxg4 Bxg4 22. Kf2 Re8 23. Re1 Ng7 24. Nf3 Ne6 25. Rd1 Rd8 26. Ke3 a5 27. Rh1 Bxf3 28. gxf3 d4+ 29. cxd4 Nxd4 30. Be4 b4 31. Rc1 b3 32. Rxc4 bxa2 33. Ra4 Ne6 34. Rxa5 Rb8 35. Rxa2 Rb3+ 36. Kf2 Rb5 37. Bd3 Rxe5 38. b4 Kg7 39. Ra5 1-0


[Site "https://www.chess.com"]

[Event "Titled Tuesday Blitz July 25 Early 2023"]
[White "Koshulyan, Egor A."]
[Black "Moroni, Luca Jr"]
[WhiteFideId "24237000"]
[BlackFideId "865834"]
[WhiteElo "2690"]
[BlackElo "2865"]
[Result "1-0"]
[Round "6"]
[TimeControl "180+2"]
[Date "2023.07.25"]
[WhiteClock "0:01:57"]
[BlackClock "0:00:49"]
[Board "29"]

1. e4 g6 2. d4 Bg7 3. f4 d5 4. e5 Nh6 5. Nf3 Bg4 6. Be2 Nf5 7. c3 h5 8. O-O Bxf3 9. Bxf3 e6 10. Na3 Nc6 11. Nc2 a6 12. Ne3 Nce7 13. Qb3 b6 14. Be2 Qd7 15. Bd3 Nc6 16. Bd2 Na5 17. Qc2 b5 18. b3 O-O 19. Bxf5 exf5 20. c4 Nb7 21. cxd5 Rac8 22. Rac1 Rfd8 23. Qc6 Rb8 24. Qxc7 Qe8 25. d6 Bf8 26. Nd5 Qe6 27. Nf6+ Kh8 28. d5 Bxd6 29. Qxd8+ Rxd8 30. dxe6 Bc5+ 31. Rxc5 Nxc5 32. e7 1-0


[Site "https://www.chess.com"]